 Dungeon Crawl Stone Soup version 0.24.1-8-ga250c9d538 (webtiles) character file.

Game seed: 309346288918783490, levelgen mode: deterministic

410 Hugehornet the Insei (level 6, 0/38 HPs)
             Began as an Octopode Transmuter on May 7, 2020.
             Was an Initiate of Cheibriados.
             Slain by an orc wizard
             ... wielding a +0 dagger
              (2 damage)
             ... on level 4 of the Dungeon.
             The game lasted 00:07:42 (3447 turns).

Hugehornet the Insei (Octopode Transmuter)          Turns: 3447, Time: 00:07:43

Health: 0/38       AC:  1    Str: 15    XL:     6   Next: 89%
Magic:  16/19      EV: 13    Int: 19    God:    Cheibriados [......]
Gold:   88         SH:  0    Dex: 13    Spells: 4/10 levels left

rFire    . . .     SeeInvis .     - Unarmed
rCold    . . .     Gourm    +   (no shield)
rNeg     . . .     Faith    .   (helmet restricted)
rPois    .         Spirit   .   d - amulet of the gourmand
rElec    .         Reflect  .   h - ring of magical power
rCorr    .         Harm     .   (no ring)
MR       .....                  (no ring)
Stlth    ++........             (no ring)
HPRegen  0.12/turn              (no ring)
MPRegen  0.16/turn              (no ring)
                                (no ring)
                                (no ring)

@: mighty, very slow
A: almost no armour, stealthy swim, amphibious, 8 rings, constrict 8, camouflage
1, gelatinous body 1
a: Bend Time, Renounce Religion


You were on level 4 of the Dungeon.
You worshipped Cheibriados.
Cheibriados was noncommittal.
You were not hungry.

You visited 2 branches of the dungeon, and saw 5 of its levels.

You collected 88 gold pieces.

Inventory:

Missiles
 a - 55 arrows
Jewellery
 d - an amulet of the gourmand (around mantle)
 h - a ring of magical power (left tentacle)
Wands
 j - a wand of acid (9)
Scrolls
 b - a scroll of amnesia {unknown}
 e - 7 scrolls of teleportation
 f - 2 scrolls of remove curse
 l - a scroll of enchant weapon
 o - a scroll of fog {unknown}
Potions
 k - a potion of mutation {unknown}
 m - a potion of heal wounds {unknown}
 n - a potion of brilliance {unknown}
Comestibles
 c - 3 rations


   Skills:
 - Level 1.0 Fighting
 - Level 2.0 Dodging
 - Level 5.5 Unarmed Combat
 + Level 2.6 Spellcasting
 * Level 4.1 Transmutations
 - Level 3.0 Poison Magic


You had 4 spell levels left.
You knew the following spells:

 Your Spells              Type           Power        Failure   Level  Hunger
a - Beastly Appendage     Tmut           ###...       3%          1    None
b - Sticks to Snakes      Tmut           ###.....     4%          2    ##.....
c - Spider Form           Tmut/Pois      ###.......   11%         3    ###....

Your spell library contained the following spells:

 Spells                   Type           Power        Failure   Level  Hunger
 Ice Form                 Ice/Tmut       ##......     56%         4    ####...
 Blade Hands              Tmut           ###.......   63%         5    ######.


Dungeon Overview and Level Annotations

Branches:
Dungeon (4/15)             Temple (1/1) D:4

Altars:
Ashenzari
Cheibriados
Dithmenos
Fedhas
Gozag
Hepliaklqana
Makhleb
Okawaru
Ru
Sif Muna
Trog
Uskayaw
Wu Jian
Xom


Innate Abilities, Weirdness & Mutations

You cannot wear most types of armour.
You are very stealthy in the water. (Stealth+)
You are amphibious.
You can wear up to eight rings at the same time.
You can use your tentacles to constrict eight enemies at once.
Your skin changes colour to match your surroundings (Stealth+).
Your rubbery body absorbs attacks. (AC +1, EV +1)


Message History

Cheibriados appreciates the change of pace.
The orc wizard shouts!
You hit the orc but do no damage.
The orc is poisoned.
The orc completely misses you.
You hit the orc but do no damage.
The orc looks as sick as possible!
Your transformation has ended.
The orc wizard casts a spell.
The orc wizard seems to speed up.
The orc hits you with a +0 club.
* * * LOW HITPOINT WARNING * * *
Okay, then.
The orc wizard casts a cantrip, but nothing happens.
The flow of time bends around you.
Cheibriados rebukes the orc.
The orc seems to slow down.
You feel slightly more hungry.
You kill the orc!
The orc wizard casts a cantrip, but nothing happens.
It was a potion of might.
You feel very mighty all of a sudden.
The orc wizard hits you with a +0 dagger.
You die...

....#.......# #.#......#.......
......##....####.#..............
. ....#....###...##.............
.###.......##....##(............
.................#...$..........
........##.........#)#........#
..<...#.........#..#)##J.o....#.
....###........##.†#.##.........
.##..#.......##.@o....#.........
.##..........#..................
..#..................##....o....
...........###..##.............#
...........# ######.....##..#...
..........>. ....### ..##..
....###..... ....# ... .. .....#
..... ....# ..##.###.#.


You could see an orc wizard.

Vanquished Creatures
  A hungry ghost (D:4)
  A bullfrog (D:2)
  An iguana (D:4)
  A worker ant (D:3)
  4 adders
  4 oozes
  A worm (D:4)
  7 dart slugs
  4 leopard geckos
  11 orcs
  4 bats
  3 giant cockroaches
  7 goblins
  5 hobgoblins
  10 jackals
  10 kobolds
  2 quokkas (D:4)
  A ball python (D:2)
  A frilled lizard (D:1)
  A jackal skeleton (D:4)
  11 rats
90 creatures vanquished.

Notes
Turn   | Place    | Note
-------+----------+-------------------------------------------
     0 | D:1      | Hugehornet the Octopode Transmuter began the quest for the
                  | Orb.
     0 | D:1      | Reached XP level 1. HP: 13/13 MP: 3/3
    74 | D:1      | Reached XP level 2. HP: 13/18 MP: 5/5
   198 | D:1      | Learned a level 2 spell: Sticks to Snakes
   596 | D:1      | Reached XP level 3. HP: 23/23 MP: 4/6
   601 | D:1      | Learned a level 3 spell: Spider Form
  1294 | D:2      | Reached skill level 1 in Poison Magic
  1733 | D:2      | Reached XP level 4. HP: 26/28 MP: 5/7
  1738 | D:2      | Reached skill level 4 in Unarmed Combat
  1785 | D:2      | Found a faded altar of an unknown god.
  2322 | D:2      | Noticed a bullfrog
  2334 | D:2      | Killed a bullfrog
  2334 | D:2      | Reached XP level 5. HP: 17/33 MP: 3/8
  2456 | D:3      | Reached skill level 5 in Unarmed Combat
  2696 | D:3      | Found a sacrificial altar of Ru.
  2747 | D:3      | Found an ornate altar of the Wu Jian Council.
  2995 | D:3      | Reached XP level 6. HP: 38/38 MP: 9/9
  3048 | D:4      | Found a staircase to the Ecumenical Temple.
  3058 | Temple   | Entered the Ecumenical Temple
  3096 | Temple   | Became a worshipper of Cheibriados the Contemplative
  3180 | D:4      | Noticed a hungry ghost
  3205 | D:4      | Killed a hungry ghost
  3440 | D:4      | HP: 1/38 [orc/+0 club (6)]
  3447 | D:4      | Slain by an orc wizard

Levels and vault maps discovered:
D:1:      lemuel_arrival_tunnels, layout_basic
D:2:      layout_basic, chequers_ecumenical_altar_simple, first_ration
D:3:      layout_rooms, nicolae_overflow_hidden_temple, lemuel_round_altar
D:4:      layout_cave_pools, minmay_temple_entry_stoned_glass
Temple:   minmay_temple_bridge_abc

Skill      XL: |  1  2  3  4  5  6 |
---------------+-------------------+-----
Transmutations | 3 4 |  4.1
Poison Magic   | 1 2 3 |  3.0
Unarmed Combat | 4 5 |  5.5
Fighting       | |  1.0
Dodging        | |  2.0
Spellcasting   | |  2.6

Action                   |  1- 3 |  4- 6 || total
-------------------------+-------+-------++-------
Melee: Unarmed           |    77 |   132 ||   209
       Constrict         |    20 |    16 ||    36
       Kick              |    16 |    16 ||    32
       Tentacles         |     8 |     8 ||    16
       Punch             |     1 |       ||     1
 Cast: Beastly Appendage |    20 |    21 ||    41
       Spider Form       |       |     5 ||     5
Invok: Bend Time         |       |     1 ||     1
  Use: Scroll            |       |     7 ||     7
       Potion            |       |     4 ||     4
 Stab: Sleeping          |     6 |     5 ||    11
  Eat: Chunk             |    18 |    11 ||    29
       Ration            |       |     1 ||     1
Armor: Skin              |     4 |     5 ||     9
Dodge: Dodged            |    39 |    83 ||   122
